 Dungeon Crawl Stone Soup version 0.23.0-3-gf3c87f2 (webtiles) character file.

Game seed: 7160016143011392019

69913 Borgoz the Unseen (level 15, -1/97 HPs)
             Began as a Kobold Gladiator on Feb 24, 2019.
             Was the Champion of Dithmenos.
             Slain by a chaos spawn (12 damage)
             ... summoned by an orc sorcerer
             ... while paralysed by an orc sorcerer
             ... on level 2 of the Orcish Mines.
             The game lasted 01:01:14 (22643 turns).

Borgoz the Unseen (Kobold Gladiator)               Turns: 22643, Time: 01:01:15

Health: -1/97      AC: 13    Str: 24    XL:     15   Next: 76%
Magic:  20/20      EV:  3    Int: 24    God:    Dithmenos [******]
Gold:   2412       SH:  0    Dex: 21    Spells: 14/14 levels left

rFire    + . .     SeeInvis +   a - +9 dagger (drain)
rCold    + . .     Gourm    .   X - +0 buckler of Ryagusm {rC+ MR+ Int+3 Dex+4}
rNeg     . . .     Faith    .   W - +1 leather armour of Failure {rF+ Str+2}
rPois    +         Spirit   .   b - +2 hat {SInv}
rElec    .         Reflect  .   s - +2 cloak {rPois}
rCorr    .         Harm     .   Q - +2 pair of gloves
MR       ++...                  (no boots)
Stlth    ++++++++++             P - amulet of regeneration
HPRegen  0.66/turn              u - +6 ring of strength
MPRegen  0.17/turn              U - ring of Xom's Castigation {Str+3 Int+7}

@: paralysed, lethally poisoned (-1 -> -3), wreathed by umbra, drained
A: small, carnivore
a: Shadow Step, Shadow Form, Renounce Religion


You were on level 2 of the Orcish Mines.
You worshipped Dithmenos.
Dithmenos was exalted by your worship.
You were completely stuffed.

You visited 4 branches of the dungeon, and saw 22 of its levels.
You also visited: Gauntlet.

You collected 2412 gold pieces.

Inventory:

Hand Weapons
 a - a +9 dagger of draining (weapon)
Missiles
 d - a throwing net (quivered)
Armour
 b - a +2 hat of see invisible (worn)
 m - a +2 scale mail of fire resistance
 s - a +2 cloak of poison resistance (worn)
 F - a +1 ring mail of cold resistance
 Q - a +2 pair of gloves (worn)
 W - the +1 leather armour of Failure (worn) {rF+ Str+2}
   (You found it on level 10 of the Dungeon)

   It affects your strength (+2).
   It protects you from fire.
 X - the +0 buckler of Ryagusm (worn) {rC+ MR+ Int+3 Dex+4}
   (You found it in a Gauntlet)

   It affects your intelligence (+3).
   It affects your dexterity (+4).
   It protects you from cold.
   It affects your resistance to hostile enchantments.
Jewellery
 u - a +6 ring of strength (left hand)
 O - a +4 amulet of reflection
 P - an amulet of regeneration (around neck)
 U - the ring of Xom's Castigation (right hand) {Str+3 Int+7}
   (You found it in a Gauntlet)

   [ring of strength]

   It affects your strength (+3).
   It affects your intelligence (+7).
Wands
 k - a wand of iceblast (9)
 o - a wand of disintegration (21)
 p - a wand of scattershot (3)
 t - a wand of flame (25)
 A - a wand of clouds (2)
 G - a wand of paralysis (25)
Scrolls
 e - 6 scrolls of identify
 h - 8 scrolls of teleportation
 n - 2 scrolls of holy word
 D - 11 scrolls of remove curse
 R - 2 scrolls of blinking
Potions
 g - a potion of might
 j - 5 potions of curing
 l - a potion of brilliance
 J - 5 potions of flight
 L - 2 potions of lignification
 S - 4 potions of haste
Miscellaneous
 i - a sack of spiders
Comestibles
 f - 50 rations


   Skills:
 + Level 12.7(11.9) Fighting
 + Level 15.0(14.2) Short Blades
 - Level 2.1(1.6) Throwing
 + Level 8.9(8.2) Armour
 + Level 13.9(13.1) Dodging
 + Level 15.7(14.9) Stealth
 - Level 4.5(3.9) Shields
 + Level 3.4(2.8) Invocations
 + Level 6.7(6.0) Evocations


You had 14 spell levels left.
You didn't know any spells.
Your spell library contained the following spells:

 Spells                   Type           Power        Failure   Level  Hunger
 Animate Skeleton         Necr           N/A          19%         1    ##.....
 Apportation              Tloc           #.....       19%         1    ##.....
 Beastly Appendage        Tmut           #.....       19%         1    ##.....
 Confusing Touch          Hex            #.....       19%         1    ##.....
 Corona                   Hex            #......      19%         1    ##.....
 Freeze                   Ice            #...         19%         1    ##.....
 Shock                    Conj/Air       #...         19%         1    ##.....
 Summon Butterflies       Summ           #.......     19%         1    ##.....
 Summon Small Mammal      Summ           #...         19%         1    ##.....
 Shroud of Golubria       Chrm/Tloc      #.........   28%         2    ###....
 Slow                     Hex            #.......     28%         2    ###....
 Sticks to Snakes         Tmut           #.......     28%         2    ###....
 Swiftness                Chrm/Air       #.......     28%         2    ###....
 Throw Frost              Conj/Ice       #.....       28%         2    ###....
 Call Canine Familiar     Summ           #.......     50%         3    ####...
 Inner Flame              Hex/Fire       #.......     50%         3    ####...
 Portal Projectile        Hex/Tloc       #.....       50%         3    ####...
 Recall                   Summ/Tloc      N/A          50%         3    ####...
 Spider Form              Tmut/Pois      #.........   50%         3    ####...
 Static Discharge         Conj/Air       #.......     50%         3    ####...
 Airstrike                Air            #.........   88%         4    #####..
 Cause Fear               Hex            #.........   88%         4    #####..
 Ice Form                 Ice/Tmut       #.......     88%         4    #####..
 Leda's Liquefaction      Hex/Erth       #.........   88%         4    #####..
 Summon Ice Beast         Ice/Summ       #.......     88%         4    #####..
 Aura of Abjuration       Summ           #.........   99%         5    ######.
 Blade Hands              Tmut           #.........   99%         5    ######.
 Bolt of Magma            Conj/Fire/Erth #.........   99%         5    ######.
 Iskenderun's Battlesphe  Conj/Chrm      #.......     99%         5    ######.
 Lightning Bolt           Conj/Air       #.........   99%         5    ######.
 Summon Demon             Summ           #.........   99%         5    ######.
 Summon Forest            Summ/Tloc      #.........   99%         5    ######.
 Summon Mana Viper        Hex/Summ       #.......     99%         5    ######.
 Venom Bolt               Conj/Pois      #.........   99%         5    ######.
 Deflect Missiles         Chrm/Air       #.........   100%        6    #######
 Iron Shot                Conj/Erth      #.........   100%        6    #######
 Shadow Creatures         Summ           N/A          100%        6    #######
 Orb of Destruction       Conj           #.........   100%        7    #######
 Spellforged Servitor     Conj/Summ      #.........   100%        7    #######
 Summon Hydra             Summ           #.........   100%        7    #######


Dungeon Overview and Level Annotations

Branches:
Dungeon (13/15)            Temple (1/1) D:5            Lair (6/6) D:11
 Shoals (0/4) Lair:2        Snake (0/4) Lair:2        Slime (0/5) Lair:6
    Orc (2/2) D:12            Elf (0/3) Orc:2        Vaults (0/5) D:13

Altars:
Ashenzari
Cheibriados
Dithmenos
Elyvilon
Fedhas
Gozag
Hepliaklqana
Kikubaaqudgha
Makhleb
Nemelex Xobeh
Okawaru
Qazlal
Ru
Sif Muna
Trog
Uskayaw
Vehumet
Wu Jian
Xom
Yredelemnul
Zin
The Shining One

Shops:
D:11 (   Orc:2 }:

Annotations:
D:13 Urug
Orc:2 Nergalle


Innate Abilities, Weirdness & Mutations

You are small and have problems with some larger weapons.
You are carnivorous and can eat meat at any time.


Message History

* * * LOW HITPOINT WARNING * * *
The orc sorcerer gestures wildly while chanting.
The orc sorcerer hits you but does no damage.
The chaos spawn gores you but does no damage.
You feel sick.
The spectral orc warrior hits you but does no damage.
The orc wizard gestures wildly while chanting.
The orc wizard blinks!
The spectral orc warrior hits you but does no damage.
The red devil hits you from afar with a +1 demon trident of venom.
* * * LOW HITPOINT WARNING * * *
The orc sorcerer hits you but does no damage.
The orc sorcerer points at you and mumbles some strange words.
The bolt of fire hits you! You resist.
* * * LOW HITPOINT WARNING * * *
The orc sorcerer gestures wildly while chanting.
Nergalle casts a spell at you.
Orcish apparitions take form around you.
The chaos spawn hits you!
You die...

#≈≈8§.§#≈..#..).)#..≈#
§≈≈....#....).8)).)..#
§§≈§.........§...........≈
≈≈≈≈§.............§......§
§≈§≈..≈≈§§≈≈≈≈≈≈≈≈≈§≈≈≈§.≈
≈≈≈§..≈###############≈...
#≈)...≈##≈.8..ZZZ8§§# ≈...
#§..8..##≈.....Z§4§≈# .8.
#≈.....##≈....Z§@oZ≈# ..
#≈#'#+###.§.#####oo4#
###)).....§§#### ≈4o....
#)..).))..≈≈≈≈≈≈≈......
#≈.8......§.o......§.4..
#≈.#....................
#≈≈#_.....###+++###.....
##≈###8..## #..8# ## §§§##


You could see Nergalle, an ice devil, a spectral orc, 3 spectral orc warriors, a
spectral orc knight, a spectral orc warlord, 2 chaos spawn, 3 orc sorcerers and
a red devil.

Vanquished Creatures
  Rupert (Orc:2)
  Gastronok (Lair:2)
  An orc warlord (Orc:2)
  The ghost of Trampli the Sharpshooter, a journeyman FoHu of Okawaru (Lair:5)
  A stone giant (Orc:2)
  2 minotaurs
  The ghost of Beischinu the Blocker, a journeyman MiFi of Okawaru (Lair:1)
  An ettin (Orc:1)
  Erolcha (D:9)
  6 hydras
  2 two-headed ogres (D:9)
  Erica (D:10)
  3 catoblepae (Lair:6)
  2 ogre magi (Orc:2)
  7 death yaks (Lair:6)
  A thrashing horror (Gauntlet)
  An orc high priest (Orc:1)
  An unseen horror (D:12)
  3 ugly things
  5 orc sorcerers
  2 orc knights
  2 manticores (Lair:6)
  An oklob plant (Lair:2)
  5 black mambas
  9 elephants (Lair:2)
  Psyche (D:8)
  A merfolk siren (Lair:2)
  A guardian serpent (D:10)
  A torpor snail (Lair:6)
  6 spiny frogs
  2 rime drakes
  A minotaur zombie (Gauntlet)
  5 komodo dragons
  6 trolls
  3 polar bears
  A raiju (Gauntlet)
  14 blink frogs
  4 slime creatures (D:12)
  7 hippogriffs
  A shadow (D:11)
  Sigmund (D:2)
  43 yaks
  A hungry ghost (D:11)
  A human (D:12)
  2 basilisks
  10 wargs
  2 small abominations (Gauntlet)
  21 water moccasins
  6 porcupines
  6 black bears
  22 orc warriors
  2 sky beasts
  4 ice beasts
  2 phantoms
  3 necrophages
  17 ogres
  14 wolves
  A centaur (D:10)
  8 crocodiles
  Blork the orc (D:6)
  A big kobold (D:11)
  9 bullfrogs
  A water moccasin zombie (D:7)
  A wyvern skeleton (D:8)
  3 scorpions
  3 killer bees (D:10)
  11 wights
  An electric eel (Lair:5)
  2 howler monkeys
  9 crimson imps
  2 centaur zombies
  2 bullfrog zombies (D:7)
  A quasit (D:8)
  7 hounds
  34 orc wizards
  A centaur skeleton (D:6)
  21 orc priests
  A bullfrog skeleton (D:12)
  7 jellies
  Crazy Yiuf (D:4)
  An iguana (D:12)
  6 worker ants
  A lightning spire (Gauntlet)
  A hound zombie (D:8)
  2 hound skeletons
  A worker ant zombie (D:6)
  19 adders
  3 gnolls
  2 shadow imps
  3 oozes
  4 adder zombies
  3 worms
  2 adder skeletons
  2 dart slugs (D:3)
  5 leopard geckos
  92 orcs
  5 giant cockroaches
  15 goblins
  9 hobgoblins
  15 jackals
  11 kobolds
  3 quokkas
  3 ball pythons
  5 bats
  2 frilled lizards
  2 leopard gecko skeletons (D:5)
  2 quokka skeletons
  7 rats
  A plant (Lair:5)
627 creatures vanquished.

Vanquished Creatures (others)
  An orc wizard (Orc:2)
  2 orcs
  A butterfly (Lair:6)
  31 fungi
  11 plants
  7 withered plants (Gauntlet)
53 creatures vanquished.

Grand Total: 680 creatures vanquished

Notes
Turn   | Place    | Note
-------+----------+-------------------------------------------
     0 | D:1      | Borgoz the Kobold Gladiator began the quest for the Orb.
     0 | D:1      | Reached XP level 1. HP: 12/12 MP: 1/1
    85 | D:1      | Reached XP level 2. HP: 17/18 MP: 2/2
   123 | D:1      | Reached skill level 1 in Stealth
   340 | D:1      | Reached XP level 3. HP: 22/22 MP: 3/3
   810 | D:1      | Reached skill level 1 in Armour
   820 | D:1      | Reached XP level 4. HP: 8/27 MP: 4/4
  1111 | D:2      | Noticed Sigmund
  1260 | D:2      | Killed Sigmund
  1260 | D:2      | Reached skill level 5 in Short Blades
  1260 | D:2      | Reached XP level 5. HP: 32/32 MP: 5/5
  1260 | D:2      | Reached XP level 6. HP: 37/37 MP: 6/6
  1655 | D:3      | Reached skill level 5 in Dodging
  2074 | D:3      | Reached XP level 7. HP: 31/42 MP: 7/7
  2983 | D:4      | Found a runed translucent door.
  2984 | D:4      | Noticed Crazy Yiuf
  2998 | D:4      | Killed Crazy Yiuf
  3029 | D:4      | Got a scorched silver ring
  3322 | D:5      | Entered Level 5 of the Dungeon
  3373 | D:5      | Noticed a water moccasin
  3551 | D:5      | Killed a water moccasin
  3551 | D:5      | Reached skill level 5 in Stealth
  3716 | D:5      | Found a staircase to the Ecumenical Temple.
  3803 | Temple   | Entered the Ecumenical Temple
  3900 | Temple   | Became a worshipper of Dithmenos the Shadowed
  4083 | D:5      | Reached XP level 8. HP: 17/48 MP: 8/8
  4422 | D:5      | Identified the ring of Jariek {rPois rC- Str+2 Dex+2} (You
                  | found it on level 4 of the Dungeon)
  4436 | D:5      | Reached skill level 5 in Fighting
  5214 | D:6      | Noticed Blork the orc
  5226 | D:6      | Killed Blork the orc
  5363 | D:6      | Reached XP level 9. HP: 25/55 MP: 9/9
  5368 | D:6      | Reached * piety under Dithmenos
  6847 | D:7      | Identified the Compendium of the Glacier and Talismans
  7249 | D:8      | Noticed a hippogriff
  7260 | D:8      | Killed a hippogriff
  7260 | D:8      | Reached ** piety under Dithmenos
  7339 | D:8      | Reached XP level 10. HP: 63/63 MP: 10/10
  7419 | D:8      | Noticed Psyche
  7419 | D:8      | Killed Psyche
  8623 | D:9      | Found a sparkling altar of Nemelex Xobeh.
  8737 | D:9      | Noticed a two-headed ogre
  8745 | D:9      | Killed a two-headed ogre
  8745 | D:9      | Reached skill level 10 in Short Blades
  8745 | D:9      | Reached skill level 10 in Stealth
  8760 | D:10     | Entered Level 10 of the Dungeon
  9035 | D:9      | Noticed a two-headed ogre
  9037 | D:9      | Killed a two-headed ogre
  9037 | D:9      | Reached XP level 11. HP: 69/69 MP: 11/11
  9268 | D:9      | Noticed Erolcha
  9275 | D:9      | Killed Erolcha
  9362 | D:10     | Reached *** piety under Dithmenos
  9482 | D:10     | Reached skill level 10 in Dodging
  9772 | D:10     | Noticed Erica
  9779 | D:10     | Killed Erica
  9806 | D:10     | Reached skill level 5 in Armour
 10200 | D:10     | Got a polished leather armour
 10219 | D:10     | Identified the cursed +1 leather armour of Failure {rF+
                  | Str+2} (You found it on level 10 of the Dungeon)
 10563 | D:11     | Found a gate leading to a gauntlet.
 10761 | Gauntlet | Entered a Gauntlet
 10761 | Gauntlet | Found a transporter.
 10765 | Gauntlet | Found a transporter.
 10781 | Gauntlet | Found a transporter.
 10782 | Gauntlet | Found a transporter.
 10791 | Gauntlet | Noticed a thrashing horror
 10799 | Gauntlet | Found a transporter.
 10812 | Gauntlet | Found a transporter.
 10816 | Gauntlet | Noticed a death yak
 10825 | Gauntlet | Found a transporter.
 10826 | Gauntlet | Noticed a thrashing horror
 10845 | Gauntlet | Found a transporter.
 10849 | Gauntlet | Found a transporter.
 10853 | Gauntlet | Found a runed translucent door.
 10855 | Gauntlet | Noticed a death scarab
 10855 | Gauntlet | Noticed a death scarab
 10857 | Gauntlet | Found a transporter.
 10867 | Gauntlet | Found a runed translucent door.
 10882 | Gauntlet | Noticed a reaper
 10887 | Gauntlet | Found a transporter.
 10887 | Gauntlet | Found a transporter.
 10889 | Gauntlet | Noticed a death yak
 10890 | Gauntlet | Noticed a death yak
 10891 | Gauntlet | Noticed a death yak
 10893 | Gauntlet | Noticed a death yak
 10896 | Gauntlet | Noticed a necromancer
 10974 | Gauntlet | Got a glittering turquoise ring
 10976 | Gauntlet | Got a pitted buckler
 10982 | Gauntlet | Identified the +0 buckler of Ryagusm {rC+ MR+ Int+3 Dex+4}
                  | (You found it in a Gauntlet)
 11083 | Gauntlet | Reached XP level 12. HP: 58/76 MP: 12/12
 11084 | Gauntlet | Killed a thrashing horror
 11141 | Gauntlet | Noticed a minotaur
 11158 | Gauntlet | Killed a minotaur
 11158 | Gauntlet | Reached skill level 1 in Shields
 11215 | Gauntlet | Identified a scroll of acquirement
 11237 | D:11     | Found Vuesh's Antique Weapon Shop.
 11255 | D:11     | Reached **** piety under Dithmenos
 11262 | D:11     | Identified the ring of Xom's Castigation {Str+3 Int+7} (You
                  | found it in a Gauntlet)
 11742 | D:11     | Found a staircase to the Lair.
 11954 | D:11     | Reached skill level 10 in Fighting
 12427 | Lair:1   | Entered Level 1 of the Lair of Beasts
 12817 | Lair:1   | Noticed Beischinu's ghost (journeyman MiFi)
 12823 | Lair:1   | Found a runed translucent door.
 13183 | Lair:1   | Killed Beischinu's ghost
 13537 | Lair:2   | Reached ***** piety under Dithmenos
 13543 | Lair:2   | Found a staircase to the Snake Pit.
 13721 | Lair:2   | Reached XP level 13. HP: 81/83 MP: 13/13
 13964 | Lair:2   | Noticed a four-headed hydra
 13980 | Lair:2   | Killed a four-headed hydra
 14061 | Lair:2   | Found a staircase to the Shoals.
 14388 | Lair:2   | Noticed Gastronok
 14424 | Lair:2   | Killed Gastronok
 14433 | Lair:2   | Noticed a six-headed hydra
 14453 | Lair:2   | Killed a six-headed hydra
 15434 | Lair:3   | Noticed a seven-headed hydra
 15651 | Lair:3   | Got a heavily runed ruby amulet
 15755 | Lair:3   | Killed a seven-headed hydra
 15856 | Lair:3   | Identified the amulet "Jupnun" {*Slow Regen+ Str+4 Dex+6}
                  | (You found it on level 3 of the Lair of Beasts)
 15944 | Lair:4   | Reached XP level 14. HP: 82/90 MP: 14/14
 17008 | Lair:5   | Reached skill level 1 in Evocations
 17537 | Lair:6   | Entered Level 6 of the Lair of Beasts
 17616 | Lair:6   | Found a runed translucent gate.
 17616 | Lair:6   | Found a runed translucent gate.
 17628 | Lair:6   | Found a runed translucent gate.
 17795 | Lair:6   | Found a staircase to the Slime Pits.
 18079 | Lair:6   | Reached ****** piety under Dithmenos
 18903 | Lair:6   | Noticed a minotaur
 18907 | Lair:6   | Noticed Trampli's ghost (journeyman FoHu)
 19006 | Lair:6   | Killed a minotaur
 19006 | Lair:6   | Reached skill level 15 in Stealth
 19225 | Lair:6   | Reached skill level 5 in Evocations
 19515 | Lair:6   | Reached XP level 15. HP: 84/96 MP: 18/18
 19696 | Lair:5   | Killed Trampli's ghost
 19927 | D:12     | Found a staircase to the Orcish Mines.
 20478 | D:13     | Found a gate to the Vaults.
 20478 | D:13     | Noticed Urug
 20554 | Orc:1    | Entered Level 1 of the Orcish Mines
 20572 | Orc:1    | Reached skill level 1 in Invocations
 21724 | Orc:2    | Entered Level 2 of the Orcish Mines
 21724 | Orc:2    | Noticed a stone giant
 21747 | Orc:2    | Killed a stone giant
 21907 | Orc:2    | Noticed an orc warlord
 22115 | Orc:2    | Killed an orc warlord
 22198 | Orc:2    | Noticed Rupert
 22260 | Orc:2    | Killed Rupert
 22444 | Orc:2    | Found a staircase to the Elven Halls.
 22550 | Orc:2    | Reached skill level 15 in Short Blades
 22559 | Orc:2    | Found Uhiaph's Book Emporium.
 22597 | Orc:2    | Found a radiant altar of Vehumet.
 22619 | Orc:2    | Found Loacud's Gadget Emporium.
 22631 | Orc:2    | Noticed Nergalle
 22637 | Orc:2    | Paralysed by an orc sorcerer for 7 turns
 22643 | Orc:2    | Slain by a chaos spawn

Skill      XL: |  1  2  3  4  5  6  7  8  9 10 11 12 13 14 15 |
---------------+----------------------------------------------+-----
Stealth        | 1 2 3 4 5 6 8 10 11 12 14 15 | 15.7
Dodging        | 4 5 7 8 9 10 11 12 13 | 13.9
Armour         | 1 2 4 5 6 7 8 |  8.9
Fighting       | 3 4 5 7 8 9 10 11 12 | 12.7
Short Blades   | 5 6 7 9 10 11 12 13 14 15 | 15.0
Shields        | 3 4 |  4.5
Evocations     | 5 6 |  6.7
Invocations    | 3 |  3.4
Throwing       | |  2.1

Action                   |  1- 3 |  4- 6 |  7- 9 | 10-12 | 13-15 || total
-------------------------+-------+-------+-------+-------+-------++-------
Melee: Rapier            |   118 |   143 |   447 |   110 |       ||   818
       Dagger            |       |       |       |   778 |  1727 ||  2505
Throw: Throwing net      |       |       |     5 |     2 |     4 ||    11
Evoke: Wand              |       |       |       |     5 |    16 ||    21
  Use: Scroll            |       |     5 |     4 |    25 |    14 ||    48
       Potion            |       |     1 |     1 |     5 |    13 ||    20
 Stab: Sleeping          |     2 |     7 |    26 |    40 |    57 ||   132
       Held in net/web   |       |       |     2 |     1 |     1 ||     4
       Invisible         |       |       |       |     6 |       ||     6
       Distracted        |       |       |       |     1 |     8 ||     9
       Paralysed         |       |       |       |     1 |     1 ||     2
       Confused          |       |       |       |       |     6 ||     6
  Eat: Chunk             |     8 |     4 |    17 |    26 |    29 ||    84
Armor: Leather armour    |    14 |    20 |    31 |    54 |   138 ||   257
       Troll leather arm |       |       |       |    12 |       ||    12
Dodge: Dodged            |    88 |   101 |   256 |   542 |  1292 ||  2279
Block: Other             |       |       |       |    20 |       ||    20
       Buckler           |       |       |       |    95 |   473 ||   568
       Reflection        |       |       |       |     6 |       ||     6
